 Dungeon Crawl Stone Soup version 0.29-a0-8-g0446c0dae4 (webtiles) character file.

Game seed: 15460525765013441204

99670 littlecub the Earth Mage (level 16, -6/100 HPs)
             Began as a Gargoyle Earth Elementalist on Jan 27, 2022.
             Was a High Priest of Vehumet.
             Mangled by a redback (7 damage)
             ... on level 1 of the Spider Nest.
             The game lasted 01:50:40 (31960 turns).

littlecub the Earth Mage (GrEE)                    Turns: 31960, Time: 01:50:40

Health: -6/100     AC: 22    Str: 18 (19) XL:     16   Next: 25%
Magic:  31/31      EV: 14    Int: 26      God:    Vehumet [*****.]
Gold:   929        SH:  4    Dex: 10      Spells: 5/37 levels left

rFire   + . .      SeeInvis +   X - +7 flail of Hacking and Slashing {vorpal, rC+ Int+4}
rCold   + . .      Faith    .   E - +0 buckler
rNeg    + . .      Spirit   .   K - +2 robe {rF+}
rPois   ∞          Reflect  .   U - +1 helmet
rElec   +          Harm     .   f - scarf {+Inv}
rCorr   .          Rampage  .   r - +1 pair of gloves {Str+3}
Will    ++...                   h - +1 pair of boots
Stlth   +++.......              R - amulet "Gaawk" {RegenMP Int+2}
HPRegen 0.26/turn               A - ring of wizardry
MPRegen 0.62/turn               a - ring of Vokkeraz {rPois Will+ SInv}

@: on berserk cooldown, flying, slowed, very slow
A: sickness immunity, AC +12, big wings, negative energy resistance 1,
electricity resistance, torment resistance 1, petrification resistance
a: Renounce Religion, Evoke Invisibility


You were on level 1 of the Spider Nest.
You worshipped Vehumet.
Vehumet was extremely pleased with you.
You visited 5 branches of the dungeon, and saw 24 of its levels.
You also visited: Sewer.

You collected 2423 gold pieces.
You spent 1494 gold pieces at shops.

Inventory:

Hand Weapons
 X - the +7 flail of Hacking and Slashing (weapon) {vorpal, rC+ Int+4}
   (You found it on level 4 of the Lair of Beasts)

   It inflicts extra damage upon your enemies.
   Int:       It affects your intelligence (+4).
   rC:        It protects you from cold.
Missiles
 O - 381 stones
Armour
 f - a scarf of invisibility (worn)
 h - a +1 pair of boots (worn)
 i - a +0 kite shield of reflection
 o - a +2 robe of cold resistance
 r - a +1 pair of gloves of strength (worn)
 E - a +0 buckler (worn)
 K - a +2 robe of fire resistance (worn)
 U - a +1 helmet (worn)
Magical Staves
 D - a staff of fire
Jewellery
 a - the ring of Vokkeraz (right hand) {rPois Will+ SInv}
   (You bought it in a shop on level 2 of the Orcish Mines)

   [ring of see invisible]

   rPois:     It protects you from poison.
   SInv:      It lets you see invisible.
   Will:      It increases your willpower.
 A - a ring of wizardry (left hand)
 F - an amulet of reflection
 R - the amulet "Gaawk" (around neck) {RegenMP Int+2}
   (You bought it in a shop on level 1 of the Orcish Mines)

   [amulet of magic regeneration]

   It increases your rate of magic regeneration.
   Int:       It affects your intelligence (+2).
 Z - a ring of ice
Wands
 b - a wand of flame (72)
 c - a wand of digging (9)
 s - a wand of mindburst (5)
 u - a wand of acid (3)
 x - a wand of iceblast (20)
 Q - a wand of charming (14)
Scrolls
 g - 5 scrolls of teleportation
 k - 3 scrolls of enchant weapon
 m - a scroll of identify
 t - 3 scrolls of amnesia
 v - 2 scrolls of immolation
 B - 3 scrolls of magic mapping
 G - 4 scrolls of vulnerability
 J - 2 scrolls of fear
 M - 2 scrolls of summoning
 N - a scroll of holy word
 S - 6 scrolls of fog
 Y - a scroll of blinking
Potions
 d - 3 potions of mutation
 e - 7 potions of heal wounds
 j - 9 potions of curing
 l - 6 potions of invisibility
 n - 13 potions of ambrosia
 p - 6 potions of attraction
 q - 2 potions of lignification
 w - 5 potions of haste
 z - a potion of magic
 H - 4 potions of resistance
 L - a potion of brilliance
 P - 2 potions of cancellation
 V - a potion of might
 W - a potion of berserk rage
Miscellaneous
 T - a piece from Xom's chessboard (15/15)


   Skills:
 + Level 11.0 Fighting
 + Level 10.0 Dodging
 + Level 7.4 Stealth
 - Level 3.0 Shields
 - Level 11.0 Spellcasting
 - Level 10.0 Conjurations
 - Level 2.0 Necromancy
 - Level 5.0 Transmutations
 * Level 19.3 Earth Magic
 * Level 6.7 Poison Magic


You had 5 spell levels left.
You knew the following spells:

 Your Spells              Type           Power      Damage    Failure   Level
a - Sandblast             Erth           100%       2d20      0%          1
b - Stone Arrow           Conj/Erth      100%       3d13      1%          3
c - Lee's Rapid Deconstr  Erth           43%        3d22*     1%          5
d - Petrify               Tmut/Erth      67%        N/A       1%          4
e - Borgnjor's Vile Clut  Necr/Erth      31%        N/A       1%          5
f - Iron Shot             Conj/Erth      37%        9d7       1%          6
g - Eringya's Noxious Bo  Tmut/Pois      22%        N/A       9%          6
w - Passwall              Tmut/Erth      55%        N/A       1%          2

Your spell library contained the following spells:

 Spells                   Type           Power      Damage    Failure   Level
 Conjure Ball Lightning   Conj/Air       20%        3x3d6     12%         6
 Magic Dart               Conj           100%       1d8       1%          1
 Searing Ray              Conj           100%       2d8       1%          2
 Static Discharge         Conj/Air       40%        N/A       1%          2
 Frozen Ramparts          Ice            28%        1d4       1%          3
 Fulminant Prism          Conj/Hex       20%        3d13      1%          4
 Iskenderun's Mystic Bla  Conj/Tloc      40%        2d9       1%          4
 Sticky Flame             Conj/Fire      40%        2d6       1%          4
 Summon Small Mammal      Summ           56%        N/A       2%          1
 Corpse Rot               Necr/Air       38%        N/A       2%          2
 Call Canine Familiar     Summ           14%        N/A       6%          3
 Summon Guardian Golem    Hex/Summ       14%        N/A       6%          3
 Tukima's Dance           Hex            14%        N/A       6%          3
 Alistair's Intoxication  Tmut/Pois      29%        N/A       6%          5
 Yara's Violent Unravell  Hex/Tmut       13%        3d7       6%          5
 Ice Form                 Ice/Tmut       27%        N/A       8%          4
 Dispel Undead            Necr           24%        3d12      10%         4
 Passage of Golubria      Tloc           14%        N/A       21%         4
 Summon Ice Beast         Ice/Summ       14%        N/A       21%         4
 Death Channel            Necr           12%        N/A       78%         6


Dungeon Overview and Level Annotations

Branches:
Dungeon (13/15)            Temple (1/1) D:6            Lair (6/6) D:11
 Shoals (0/4) Lair:4       Spider (2/4) Lair:2        Slime (0/5) Lair:6
    Orc (2/2) D:9             Elf (0/3) Orc:2        Vaults (0/5) D:13
  Sewer (visited)

Altars:
Ashenzari
Cheibriados
Dithmenos
Elyvilon
Fedhas
Gozag
Hepliaklqana
Kikubaaqudgha
Makhleb
Nemelex Xobeh
Okawaru
Qazlal
Ru
Sif Muna
Trog
Uskayaw
Vehumet
Wu Jian
Xom
Yredelemnul
Zin
The Shining One
Jiyva
Lugonu

Shops:
D:6 :   D:9 [[[*   Orc:1 *   Orc:2 !:[=(*[(

Annotations:
Lair:3 3 runed translucent doors, Cylichiu's ghost, journeyman PaFi


Innate Abilities, Weirdness & Mutations

You are immune to sickness and miasma.
Your stone body is resilient. (AC +12)
You are immune to poison.
Your large and strong wings let you fly.
You resist negative energy. (rN+)
You are resistant to electric shocks. (rElec)
You are resistant to unholy torment.
You are immune to petrification.


Message History

You feel your anger nearly subside.
You are no longer berserk.
You are exhausted.
You feel yourself slow down.
Casting: Eringya's Noxious Bog (dangerous; 9% risk of failure)
Confirm with . or Enter, or press ? or * to list all spells.
Casting: Eringya's Noxious Bog (dangerous; 9% risk of failure)
Press: ? - help, Dir - look around, f - activate
Okay, then.
The redback bites you! The redback barely misses you. The redback bites you.
The redback bites you but does no damage.
The redback bites you. The redback closely misses you.
The redback barely misses you. The redback bites you!
The redback barely misses you.
The redback bites you but does no damage.
The redback bites you but does no damage.
The redback misses you. The redback closely misses you. The redback bites you!
* * * LOW HITPOINT WARNING * * *
Casting: Eringya's Noxious Bog (dangerous; 9% risk of failure)
Confirm with . or Enter, or press ? or * to list all spells.
Aiming: Passwall (safe; 1% risk of failure)
Press: ? - help, Dir - move target A rock wall.
The redback bites you!
* * * LOW HITPOINT WARNING * * *
The redback barely misses you. You block the redback's attack.
The redback bites you but does no damage.
You block the redback's attack. The redback barely misses you.
The redback bites you but does no damage.
You begin to meditate on the wall.
You continue meditating on the rock.
The redback closely misses you. x2; The redback misses you.
You block the redback's attack. The redback closely misses you.
The redback bites you but does no damage.
You continue meditating on the rock.
Magic restored.
The redback bites you.
* * * LOW HITPOINT WARNING * * *
The redback bites you but does no damage.
The redback bites you!
* * * LOW HITPOINT WARNING * * *
You block the redback's attack. The redback bites you!
You die...

###.^.#[.####..)###...#
######.....##....##...###...
#...###.>#^<#....^...## #...
######..#.#...........#...####...
...##.....####.##..##..#..#..#...
..###....#.#.#..#...##......#....
.###..#......(.#By...##.....#....
.#............##ss#.#.###.#......
.##.#....#.....#@.#...#.###.#..##
..#...##.#.##..##.......#.#...[..
.......#...#.........##...#...###
.#.....#...##...#....#...#.......
###......######....###^..#...#..#
###.#...#.##.#......^....#..##..#
....#.#...#..##.##...#...#.......
....####..#...#.....#....#..#....
##.#.#^...#..........#..#......#.


You could see a moth of wrath, a pharaoh ant and 2 redbacks.

Vanquished Creatures
  Rupert (Orc:1)
  Donald (Orc:2)
  4 orc warlords
  A ghost moth (Lair:2)
  3 dire elephants
  2 entropy weavers
  Snorg (Orc:1)
  Josephine (Orc:1)
  5 hydras
  6 two-headed ogres
  4 boulder beetles
  2 centaur warriors (D:13)
  An ogre mage (D:13)
  5 death yaks
  3 orc high priests
  A skeletal warrior (D:13)
  A sun moth (Spider:1)
  An orb spider (Spider:2)
  A steelbarb worm (Spider:1)
  3 orc knights (Orc:1)
  6 wolf spiders
  A lindwurm (Lair:3)
  5 orc sorcerers
  3 cyclopes
  4 manticores
  27 elephants
  14 cane toads
  7 black mambas
  3 torpor snails (Spider:1)
  3 gargoyles
  4 rime drakes
  3 demonic crawlers
  14 komodo dragons
  7 trolls
  2 tarantellas
  7 meliai
  A queen bee (D:12)
  2 wind drakes (Lair:6)
  3 hornets
  5 polar bears
  A blink frog (Lair:6)
  A blink frog (shapeshifter) (D:12)
  Grinder (D:5)
  2 jumping spiders (Spider:1)
  56 yaks
  10 culicivoras
  2 shadows
  7 wraiths
  A vampire (D:11)
  Eustachio (D:5)
  3 wyverns
  5 basilisks
  11 redbacks
  10 vampire mosquitoes
  3 steam dragons
  2 wargs (Orc:1)
  2 acid dragons
  16 water moccasins
  13 ogres
  41 orc warriors
  3 ice beasts
  12 centaurs
  3 necrophages
  28 wolves
  A phantom (D:6)
  2 kobold brigands
  16 bullfrogs
  2 gnoll sergeants
  2 water moccasin zombies (D:7)
  3 scorpions
  A wyvern skeleton (D:5)
  A water moccasin skeleton (D:6)
  41 killer bees
  15 wights
  4 howler monkeys
  5 electric eels
  5 centaur zombies
  2 jellies
  3 gnoll shamans
  A human zombie (D:8)
  27 orc priests
  Crazy Yiuf (D:5)
  5 centaur skeletons
  7 hounds
  Jessica (D:2)
  3 iguanas
  A merfolk siren (Sewer)
  33 orc wizards
  2 merfolk avatars
  A killer bee zombie (D:8)
  A hound zombie (D:5)
  3 mummies (D:8)
  27 gnolls
  20 adders
  3 white imps
  An adder skeleton (D:4)
  6 dart slugs
  88 orcs
  10 ball pythons
  8 endoplasms
  8 giant cockroaches
  16 goblins
  A hobgoblin (D:2)
  4 jackals (D:1)
  17 kobolds
  8 quokkas
  2 bats (D:1)
  8 frilled lizards
  29 rats
  A butterfly (Lair:2)
848 creatures vanquished.

Vanquished Creatures (others)
  2 death yaks (Lair:6)
  An orc high priest (Orc:2)
  An orc knight (D:13)
  A wolf spider (Spider:1)
  A centaur skeleton (D:13)
  A demonic crawler (Spider:1)
  4 tarantellas
  A blink frog (Lair:6)
  2 jumping spiders (Spider:1)
  3 culicivoras
  7 yaks (Lair:6)
  2 redbacks (Spider:1)
  3 orc warriors
  A centaur (D:13)
  2 orc priests
  An orc (Orc:2)
  57 fungi
  96 plants
  5 toadstools (Lair:3)
191 creatures vanquished.

Grand Total: 1039 creatures vanquished

Notes
Turn   | Place    | Note
-------+----------+-------------------------------------------
     0 | D:1      | littlecub the Gargoyle Earth Elementalist began the quest
                  | for the Orb.
     0 | D:1      | Reached XP level 1. HP: 10/10 MP: 3/3
   116 | D:1      | Reached skill level 1 in Transmutations
   116 | D:1      | Reached XP level 2. HP: 15/15 MP: 3/5
   188 | D:1      | Learned a level 2 spell: Passwall
   197 | D:1      | Reached skill level 4 in Earth Magic
   542 | D:1      | Reached XP level 3. HP: 19/19 MP: 6/6
   759 | D:1      | Found a faded altar of an unknown god.
   764 | D:1      | Learned a level 3 spell: Stone Arrow
  1099 | D:2      | Found a broken altar of Ashenzari.
  1480 | D:2      | Reached XP level 4. HP: 19/24 MP: 1/7
  1571 | D:2      | Noticed Jessica
  1574 | D:2      | Killed Jessica
  1657 | D:3      | Reached skill level 5 in Earth Magic
  1659 | D:3      | Reached skill level 1 in Conjurations
  1659 | D:3      | Reached XP level 5. HP: 27/28 MP: 3/8
  1760 | D:3      | Found a broken altar of Ashenzari.
  2030 | D:3      | Found a sacrificial altar of Ru.
  2240 | D:3      | Noticed an ogre
  2332 | D:3      | Killed an ogre
  2333 | D:3      | Reached XP level 6. HP: 13/32 MP: 3/10
  3004 | D:4      | Reached skill level 6 in Earth Magic
  3284 | D:4      | Noticed a water moccasin
  3288 | D:4      | Killed a water moccasin
  3289 | D:4      | Reached XP level 7. HP: 33/36 MP: 10/12
  3857 | D:5      | Entered Level 5 of the Dungeon
  3861 | D:5      | Noticed a two-headed ogre
  3888 | D:5      | Killed a two-headed ogre
  3889 | D:5      | Reached skill level 8 in Earth Magic
  3889 | D:5      | Reached XP level 8. HP: 41/41 MP: 1/14
  4047 | D:5      | Noticed Eustachio
  4057 | D:5      | Killed Eustachio
  4262 | D:5      | Found a runed translucent door.
  4263 | D:5      | Noticed Crazy Yiuf
  4535 | D:5      | Reached skill level 9 in Earth Magic
  4686 | D:5      | Noticed Grinder
  4689 | D:5      | Killed Grinder
  4690 | D:5      | Reached skill level 5 in Spellcasting
  4690 | D:5      | Reached XP level 9. HP: 45/45 MP: 7/16
  4695 | D:5      | Reached skill level 5 in Conjurations
  4701 | D:5      | Found an iron altar of Okawaru.
  4962 | D:5      | Killed Crazy Yiuf
  5007 | D:6      | Found a staircase to the Ecumenical Temple.
  5037 | Temple   | Entered the Ecumenical Temple
  5303 | D:6      | Reached skill level 10 in Earth Magic
  5446 | D:6      | Found a glowing drain.
  5462 | Sewer    | Entered a sewer
  5989 | D:6      | Found Yvumynaid's Book Shop.
  6174 | D:6      | Reached skill level 5 in Dodging
  6362 | D:7      | Reached skill level 1 in Shields
  6543 | D:7      | Learned a level 5 spell: Lee's Rapid Deconstruction
  6649 | D:7      | Reached XP level 10. HP: 51/51 MP: 16/18
  6736 | D:7      | Reached skill level 11 in Earth Magic
  6744 | D:7      | Reached skill level 1 in Fighting
  6873 | D:7      | Found a snail-covered altar of Cheibriados.
  8309 | D:8      | Found an ancient bone altar of Kikubaaqudgha.
  8501 | D:9      | Noticed a manticore
  8613 | D:9      | Killed a manticore
  8614 | D:9      | Reached skill level 12 in Earth Magic
  8827 | D:9      | Reached XP level 11. HP: 60/60 MP: 19/21
  8836 | D:9      | Found a sparkling altar of Nemelex Xobeh.
  8919 | D:9      | Found Sinuykham's Antique Armour Boutique.
  9205 | D:9      | Found Gennuir's Antique Armour Emporium.
  9223 | D:9      | Bought a glowing robe for 111 gold pieces
  9285 | D:9      | Noticed a two-headed ogre
  9293 | D:9      | Killed a two-headed ogre
  9369 | D:9      | Found Egearuzxa's Assorted Antiques.
  9375 | D:9      | Bought a scroll of identify for 64 gold pieces
  9436 | D:9      | Noticed a two-headed ogre
  9445 | D:9      | Killed a two-headed ogre
  9446 | D:9      | Reached skill level 13 in Earth Magic
  9777 | D:9      | Found a staircase to the Orcish Mines.
  9872 | D:9      | Found a white marble altar of Elyvilon.
  9983 | D:9      | Found Jikhuor's Armour Shoppe.
 10079 | D:10     | Entered Level 10 of the Dungeon
 10207 | D:10     | Found a blossoming altar of Fedhas.
 10327 | D:10     | Found a stormy altar of Qazlal.
 10333 | D:10     | Noticed a two-headed ogre
 10408 | D:10     | Reached skill level 5 in Fighting
 10437 | D:10     | Killed a two-headed ogre
 11095 | D:10     | Found a hide-covered altar of Uskayaw.
 11095 | D:10     | Found a basalt altar of Yredelemnul.
 11102 | D:10     | Found a radiant altar of Vehumet.
 11106 | D:10     | Found a faded altar of an unknown god.
 11108 | D:10     | Found a glowing silver altar of Zin.
 11111 | D:10     | Became a worshipper of Vehumet
 11587 | D:11     | Reached XP level 12. HP: 69/69 MP: 12/23
 11719 | D:11     | Reached skill level 14 in Earth Magic
 11742 | D:11     | Noticed a two-headed ogre
 11746 | D:11     | Killed a two-headed ogre
 12124 | D:11     | Reached * piety under Vehumet
 12124 | D:11     | Offered knowledge of Shock by Vehumet.
 12254 | D:11     | Found a staircase to the Lair.
 12482 | D:11     | Learned a level 4 spell: Petrify
 12571 | Lair:1   | Entered Level 1 of the Lair of Beasts
 12983 | Lair:1   | Offered knowledge of Searing Ray by Vehumet.
 13005 | Lair:1   | Reached ** piety under Vehumet
 13257 | Lair:1   | Reached skill level 15 in Earth Magic
 14084 | Lair:2   | Noticed an eight-headed hydra
 14088 | Lair:2   | Killed an eight-headed hydra
 14089 | Lair:2   | Reached XP level 13. HP: 76/76 MP: 19/25
 14459 | Lair:2   | Offered knowledge of Dazzling Flash by Vehumet.
 14695 | Lair:2   | Learned a level 5 spell: Borgnjor's Vile Clutch
 14739 | Lair:2   | You fall into a shaft and drop 1 floor!
 14760 | Lair:2   | Reached *** piety under Vehumet
 15389 | Lair:2   | Offered knowledge of Inner Flame by Vehumet.
 15398 | Lair:2   | Reached skill level 1 in Necromancy
 15475 | Lair:2   | Reached skill level 10 in Conjurations
 15555 | Lair:2   | Found a hole to the Spider Nest.
 15829 | Orc:1    | Entered Level 1 of the Orcish Mines
 16271 | Orc:1    | Found Reic's Assorted Antiques.
 16278 | Orc:1    | Bought a scorched platinum amulet for 140 gold pieces
 16278 | Orc:1    | Identified the amulet "Gaawk" {RegenMP Int+2} (You bought
                  | it in a shop on level 1 of the Orcish Mines)
 16278 | Orc:1    | Bought a glowing helmet for 210 gold pieces
 16278 | Orc:1    | Bought a pink potion for 25 gold pieces
 16278 | Orc:1    | Bought a scroll labelled CIZXUSM XUED for 28 gold pieces
 16432 | Orc:2    | Entered Level 2 of the Orcish Mines
 16432 | Orc:2    | Found Sauhy's Distillery.
 16516 | Orc:2    | Noticed Donald
 16583 | Orc:2    | Noticed Josephine
 16591 | Orc:1    | Killed Josephine
 16592 | Orc:1    | Reached skill level 16 in Earth Magic
 16834 | Orc:1    | Reached **** piety under Vehumet
 17282 | Orc:2    | Offered knowledge of Mephitic Cloud by Vehumet.
 17360 | Orc:2    | Found a staircase to the Elven Halls.
 17367 | Orc:2    | Found Jiuwnat's Antique Armour Shop.
 17386 | Orc:2    | Bought a potion of resistance for 100 gold pieces
 17386 | Orc:2    | Bought a potion of curing for 30 gold pieces
 17386 | Orc:2    | Bought a potion of ambrosia for 80 gold pieces
 17386 | Orc:2    | Bought a potion of curing for 30 gold pieces
 17386 | Orc:2    | Bought a potion of lignification for 30 gold pieces
 17386 | Orc:2    | Bought a potion of curing for 30 gold pieces
 17435 | Orc:2    | Found Jakukkem's Book Boutique.
 17449 | Orc:2    | Noticed an orc warlord
 17929 | Orc:1    | Killed an orc warlord
 18345 | Orc:2    | Noticed Snorg
 18351 | Orc:2    | Reached ***** piety under Vehumet
 18539 | Orc:1    | Killed Snorg
 18539 | Orc:1    | Offered knowledge of Iron Shot by Vehumet.
 18583 | Orc:1    | HP: 1/79 [orc knight (26)]
 18942 | Orc:2    | Killed Donald
 18986 | Orc:2    | Noticed an orc warlord
 19205 | Orc:2    | Noticed an orc warlord
 19220 | Orc:1    | Killed an orc warlord
 19221 | Orc:1    | Gained mutation: Your large and strong wings let you fly.
                  | [Gargoyle growth]
 19221 | Orc:1    | Reached XP level 14. HP: 26/84 MP: 10/27
 19576 | Orc:1    | Learned a level 6 spell: Iron Shot
 20216 | D:9      | Killed an orc warlord
 20403 | Orc:2    | Noticed Rupert
 20405 | Orc:2    | Paralysed by Rupert for 2 turns
 20509 | D:12     | Reached skill level 17 in Earth Magic
 20683 | D:12     | Learned a level 6 spell: Eringya's Noxious Bog
 20717 | D:12     | Reached skill level 5 in Transmutations
 20955 | D:12     | Identified the +4 scale mail of Burnt Tender Moments {rN++
                  | Will+}
 21043 | D:12     | Reached skill level 1 in Poison Magic
 22097 | Lair:3   | Noticed a dire elephant
 22119 | Lair:3   | Found a runed translucent door.
 22251 | Lair:3   | Offered knowledge of Airstrike by Vehumet.
 22334 | Lair:3   | Found a runed translucent gate.
 22334 | Lair:3   | Found a runed translucent gate.
 22335 | Lair:3   | Found a runed translucent gate.
 22336 | Lair:3   | Noticed Cylichiu's ghost (journeyman PaFi)
 22381 | Lair:3   | Found a viscous altar of Jiyva.
 22801 | Lair:3   | Killed a dire elephant
 22802 | Lair:3   | Reached skill level 10 in Spellcasting
 23574 | Lair:4   | Found a staircase to the Shoals.
 23866 | Lair:4   | Identified the +7 flail of Hacking and Slashing {vorpal,
                  | rC+ Int+4}
 24799 | Lair:6   | Entered Level 6 of the Lair of Beasts
 24841 | Lair:5   | Reached skill level 18 in Earth Magic
 25179 | Lair:5   | Reached XP level 15. HP: 72/92 MP: 18/29
 25293 | Lair:6   | Reached skill level 5 in Stealth
 25643 | Lair:6   | Reached skill level 10 in Fighting
 25742 | Lair:6   | Offered knowledge of Irradiate by Vehumet.
 26309 | Lair:6   | Found the +10 dark maul {vorpal}
 27016 | Lair:6   | Found a staircase to the Slime Pits.
 27296 | Orc:1    | Killed Rupert
 27383 | Orc:2    | Noticed an orc warlord
 27495 | Orc:1    | Reached skill level 5 in Poison Magic
 28196 | Orc:1    | Killed an orc warlord
 28370 | Orc:2    | Found Gytaet's Antique Weapon Shoppe.
 28446 | Orc:2    | Found Ysmor's Antique Armour Boutique.
 28447 | Orc:2    | Found Selibar's Antique Weapon Boutique.
 28449 | Orc:2    | Found Hathriyl's General Store.
 28449 | Orc:2    | Found Xuuriz's Jewellery Shop.
 28454 | Orc:2    | Bought 2 potions of invisibility for 160 gold pieces
 28454 | Orc:2    | Bought a scroll of holy word for 75 gold pieces
 28524 | Orc:2    | Bought the ring of Vokkeraz {rPois Will+ SInv} for 381 gold
                  | pieces
 29431 | D:13     | Offered knowledge of Conjure Ball Lightning by Vehumet.
 29486 | D:13     | Reached skill level 19 in Earth Magic
 29596 | D:13     | Found a gate to the Vaults.
 30306 | Spider:1 | Entered Level 1 of the Spider Nest
 30332 | Spider:1 | Noticed a ghost moth
 30521 | Lair:2   | HP: 1/93 [ghost moth (4)]
 30525 | Lair:2   | Killed a ghost moth
 30526 | Lair:2   | Reached XP level 16. HP: 33/99 MP: 5/30
 31901 | Spider:2 | Reached skill level 10 in Dodging
 31960 | Spider:1 | HP: 1/100 [redback (14)]
 31960 | Spider:1 | Mangled by a redback

Illustrated notes

Levels and vault maps discovered:
D:1:      lemuel_arrival_room, layout_basic,
          hellmonk_ecumenical_altar_leap_of_faith
D:2:      layout_rooms, basic_altar, minmay_tiny_reverse_x, uniq_jessica
D:3:      layout_loops_ring, nicolae_ru_sacrificial_ziggurat, ashenzari_altar_1,
          minmay_ogre_servants
D:4:      layout_basic
D:5:      layout_basic, okawaru_ov_weapons_minmay, uniq_grinder, uniq_eustachio,
          uniq_crazy_yiuf_cottage
D:6:      layout_loops_ring, minmay_temple_entry_stoned_glass,
          portal_sewer_entry_f, serial_shops, nicolae_shop_advertising_works
          [nicolae_subvault_shop_adworks], bh_walls_and_bars
D:7:      layout_cave_pods, kennysheep_mini
D:8:      layout_basic, lemuel_mausoleum_altar_kikubaaqudgha
D:9:      layout_cave_pools, mainiacjoe_overflow_concentric_impassable,
          mainiacjoe_overflow_24_doors, orc_david_3, serial_shops,
          nicolae_stop_n_shop_1, nicolae_shop_behind_doors, shop, shop,
          minmay_quadrilaterals
D:10:     layout_basic, mainiacjoe_overflow_alcove_4, fedhas_altar_1,
          chequers_temple_overflow_minitemple, minmay_joined_circles
D:11:     layout_roguey, erik_lair_island
D:12:     nicolae_cairo_tiling_large_dashed, layout_layer_cave, special_room
          [special_room_bee]
D:13:     layout_irregular_city, hangedman_vaults_entry_quadrant_bands
Temple:   corrupted_temple
Lair:1:   layout_chaotic_city, lemuel_fruit_fields
Lair:2:   layout_small_grid, hellmonk_spider_entry_not_the_bees,
          beast_lair_carwin_11, lemuel_fruit_fields, lemuel_fruit_fields,
          serial_bayou_shore_b
Lair:3:   gammafunk_lair_enchanted_lake, layout_regular_city,
          gammafunk_ghost_ooze, grunt_megastairs_2
Lair:4:   layout_gridlike, elwin_shoals_entry_rooms
Lair:5:   minmay_lair_venomous_thicket, layout_loops_ring, beast_lair_carwin_7,
          serial_bayou_shore_b, lemuel_fruit_tree, grunt_megastairs_1
Lair:6:   gammafunk_lair_ancient_temple, layout_small_grid,
          minmay_slime_entry_oklob_open, grunt_megastairs_5
Spider:1: layout_spider_delve
Spider:2: layout_spider_delve, drop_trap
Orc:1:    layout_caves, serial_shops, nicolae_diamond_shop,
          nicolae_orc_bridge_out, hellmonk_bongcloud_opening
Orc:2:    st_orc_congregation, layout_caves, serial_shops, nicolae_shop_stone,
          shop, shop, shop, uniq_snorg, uniq_donald, uniq_rupert, uniq_josephine

Skill      XL: |  1  2  3  4  5  6  7  8  9 10 11 12 13 14 15 16 |
---------------+-------------------------------------------------+-----
Transmutations | 1 2 3 4 5 |  5.0
Earth Magic    | 4 5 6 8 9 10 12 13 15 16 18 19 | 19.3
Dodging        | 2 3 4 5 6 7 8 9 10 | 10.0
Conjurations   | 1 2 4 6 7 8 9 10 | 10.0
Spellcasting   | 3 4 5 6 7 8 9 10 11 | 11.0
Shields        | 1 2 3 |  3.0
Fighting       | 3 5 7 8 9 10 11 | 11.0
Necromancy     | 2 |  2.0
Poison Magic   | 3 5 6 |  6.7
Stealth        | 4 6 7 |  7.4

Action                   |  1- 3 |  4- 6 |  7- 9 | 10-12 | 13-15 | 16-18 || total
-------------------------+-------+-------+-------+-------+-------+-------++-------
Melee: Dagger            |    62 |    29 |       |       |       |       ||    91
       Unarmed           |     7 |       |       |       |       |       ||     7
       Punch             |     3 |     2 |     1 |       |       |       ||     6
       Hand axe          |       |    48 |    84 |    39 |    27 |       ||   198
       Flail             |       |       |       |       |    66 |     2 ||    68
 Cast: Sandblast         |    38 |    46 |   128 |   167 |    16 |     1 ||   396
       Stone Arrow       |       |     1 |    18 |   163 |   478 |    23 ||   683
       Lee's Rapid Decon |       |       |     1 |    61 |   171 |    30 ||   263
       Passwall          |       |       |       |     1 |       |     1 ||     2
       Borgnjor's Vile C |       |       |       |       |    90 |     2 ||    92
       Petrify           |       |       |       |       |    16 |       ||    16
       Iron Shot         |       |       |       |       |    23 |    10 ||    33
       Eringya's Noxious |       |       |       |       |    12 |     1 ||    13
Evoke: Wand              |       |       |       |       |    12 |       ||    12
  Use: Scroll            |       |     2 |     5 |     8 |    17 |     1 ||    33
       Potion            |       |       |       |       |     4 |       ||     4
 Stab: Sleeping          |     3 |     2 |     4 |       |       |       ||     9
Armor: Robe              |    39 |    33 |    69 |    72 |   356 |    38 ||   607
Dodge: Dodged            |    46 |    69 |   122 |   124 |   500 |    40 ||   901
Block: Buckler           |       |       |       |    40 |   133 |    15 ||   188

Table legend: (Time is in decaauts)
 A = Elapsed time spent in this place.
 B = Non-inter-level travel time spent in this place.
 C = Inter-level travel time spent in this place.
 D = Time resting spent in this place.
 E = Time spent auto-exploring this place.
 F = Levels seen in this place.
 G = Mean time per level.
                   A        B        C        D        E       F      G
               +--------+--------+--------+--------+--------+-----+--------+
         Total |  32209 |  30336 |   1873 |   6805 |  18070 |  25 | 1288.4 |
       Dungeon |  15068 |  14185 |    883 |    992 |  10524 |  13 | 1159.1 |
        Temple |    146 |    133 |     13 |      0 |    127 |   1 |  146.0 |
          Lair |   9873 |   9326 |    547 |   2602 |   5297 |   6 | 1645.5 |
   Spider Nest |    882 |    856 |     26 |    182 |    473 |   2 |  441.0 |
  Orcish Mines |   5821 |   5419 |    402 |   3029 |   1432 |   2 | 2910.5 |
         Sewer |    417 |    417 |      0 |      0 |    216 |   1 |  417.0 |
               +--------+--------+--------+--------+--------+-----+--------+

Top non-repeatable levels by time:
   Orc:1: 4851 daAuts
  Lair:1: 2172 daAuts
  Lair:2: 2083 daAuts
  Lair:6: 1692 daAuts
  Lair:5: 1597 daAuts
    D:13: 1582 daAuts
     D:9: 1526 daAuts
  Lair:3: 1389 daAuts
     D:8: 1388 daAuts
    D:10: 1380 daAuts
     D:3: 1327 daAuts
    D:11: 1296 daAuts
     D:5: 1184 daAuts
     D:1: 1093 daAuts
     D:7: 1053 daAuts
